Unix NetHack Version 3.7.0-62 Work-in-progress - last build Sep 11 2022 12:50:24 (50a4e0875b74f16bdbec0d79e29a59bb940978ed,branch:master).

Game began 2022-09-17 10:12:39, ended 2022-09-18 15:41:25.

rustyspoon, chaotic female human Knight

  
unexplored area
unexplored area
unexplored area
unexplored area
unexplored area
unexplored area
unexplored area
unexplored area
unexplored area
unexplored area
unexplored area
unexplored area
unexplored area
unexplored area
unexplored area
unexplored area
unexplored area
unexplored area
unexplored area
unexplored area
unexplored area
unexplored area
unexplored area
unexplored area
unexplored area
unexplored area
unexplored area
unexplored area
unexplored area
unexplored area
unexplored area
unexplored area
unexplored area
unexplored area
unexplored area
unexplored area
unexplored area
unexplored area
unexplored area
unexplored area
unexplored area
unexplored area
unexplored area
unexplored area
unexplored area
unexplored area
unexplored area
unexplored area
unexplored area
unexplored area
unexplored area
unexplored area
unexplored area
unexplored area
unexplored area
unexplored area
unexplored area
unexplored area
unexplored area
unexplored area
unexplored area
unexplored area
unexplored area
unexplored area
unexplored area
unexplored area
unexplored area
unexplored area
unexplored area
unexplored area
unexplored area
unexplored area
unexplored area
unexplored area
unexplored area
unexplored area
unexplored area
unexplored area
unexplored area
unexplored area
unexplored area
unexplored area
unexplored area
unexplored area
unexplored area
unexplored area
unexplored area
unexplored area
unexplored area
unexplored area
unexplored area
unexplored area
unexplored area
unexplored area
unexplored area
unexplored area
unexplored area
unexplored area
unexplored area
unexplored area
unexplored area
unexplored area
unexplored area
unexplored area
unexplored area
unexplored area
unexplored area
unexplored area
unexplored area
unexplored area
unexplored area
unexplored area
unexplored area
unexplored area
unexplored area
unexplored area
unexplored area
unexplored area
unexplored area
unexplored area
unexplored area
unexplored area
unexplored area
unexplored area
unexplored area
unexplored area
unexplored area
unexplored area
unexplored area
unexplored area
unexplored area
unexplored area
unexplored area
unexplored area
unexplored area
unexplored area
unexplored area
unexplored area
unexplored area
unexplored area
unexplored area
unexplored area
unexplored area
unexplored area
unexplored area
unexplored area
unexplored area
unexplored area
unexplored area
unexplored area
unexplored area
unexplored area
unexplored area
unexplored area
unexplored area
unexplored area
unexplored area
unexplored area
unexplored area
unexplored area
unexplored area
unexplored area
unexplored area
unexplored area
unexplored area
unexplored area
unexplored area
unexplored area
unexplored area
unexplored area
unexplored area
unexplored area
unexplored area
unexplored area
unexplored area
unexplored area
unexplored area
unexplored area
unexplored area
unexplored area
unexplored area
unexplored area
unexplored area
unexplored area
unexplored area
unexplored area
unexplored area
unexplored area
unexplored area
unexplored area
unexplored area
unexplored area
unexplored area
unexplored area
unexplored area
unexplored area
unexplored area
unexplored area
unexplored area
unexplored area
unexplored area
unexplored area
unexplored area
unexplored area
unexplored area
unexplored area
unexplored area
unexplored area
unexplored area
unexplored area
unexplored area
unexplored area
unexplored area
unexplored area
unexplored area
unexplored area
unexplored area
unexplored area
unexplored area
unexplored area
unexplored area
unexplored area
unexplored area
unexplored area
unexplored area
unexplored area
unexplored area
unexplored area
unexplored area
unexplored area
unexplored area
unexplored area
unexplored area
unexplored area
unexplored area
unexplored area
unexplored area
unexplored area
unexplored area
unexplored area
unexplored area
unexplored area
unexplored area
unexplored area
unexplored area
unexplored area
unexplored area
unexplored area
unexplored area
unexplored area
unexplored area
unexplored area
unexplored area
unexplored area
unexplored area
unexplored area
unexplored area
unexplored area
unexplored area
unexplored area
unexplored area
unexplored area
unexplored area
unexplored area
unexplored area
unexplored area
unexplored area
unexplored area
unexplored area
unexplored area
unexplored area
unexplored area
unexplored area
unexplored area
unexplored area
unexplored area
unexplored area
unexplored area
unexplored area
unexplored area
unexplored area
unexplored area
unexplored area
unexplored area
unexplored area
unexplored area
unexplored area
unexplored area
unexplored area
unexplored area
unexplored area
unexplored area
unexplored area
unexplored area
unexplored area
unexplored area
unexplored area
unexplored area
unexplored area
unexplored area
unexplored area
unexplored area
unexplored area
unexplored area
unexplored area
unexplored area
unexplored area
unexplored area
unexplored area
unexplored area
unexplored area
unexplored area
unexplored area
unexplored area
unexplored area
unexplored area
unexplored area
unexplored area
unexplored area
unexplored area
unexplored area
unexplored area
unexplored area
unexplored area
unexplored area
unexplored area
unexplored area
unexplored area
unexplored area
unexplored area
unexplored area
unexplored area
unexplored area
unexplored area
unexplored area
unexplored area
unexplored area
unexplored area
unexplored area
unexplored area
unexplored area
unexplored area
unexplored area
unexplored area
unexplored area
unexplored area
unexplored area
unexplored area
unexplored area
unexplored area
unexplored area
unexplored area
unexplored area
unexplored area
unexplored area
unexplored area
unexplored area
unexplored area
unexplored area
unexplored area
unexplored area
unexplored area
unexplored area
unexplored area
unexplored area
unexplored area
unexplored area
unexplored area
unexplored area
unexplored area
unexplored area
unexplored area
unexplored area
unexplored area
unexplored area
unexplored area
unexplored area
unexplored area
unexplored area
unexplored area
unexplored area
unexplored area
unexplored area
unexplored area
unexplored area
unexplored area
unexplored area
unexplored area
unexplored area
unexplored area
unexplored area
unexplored area
unexplored area
unexplored area
unexplored area
unexplored area
unexplored area
unexplored area
unexplored area
unexplored area
unexplored area
unexplored area
unexplored area
unexplored area
unexplored area
unexplored area
unexplored area
wall
wall
wall
wall
wall
unexplored area
unexplored area
unexplored area
unexplored area
unexplored area
unexplored area
unexplored area
unexplored area
unexplored area
unexplored area
unexplored area
unexplored area
unexplored area
unexplored area
unexplored area
unexplored area
unexplored area
unexplored area
unexplored area
unexplored area
unexplored area
unexplored area
unexplored area
unexplored area
unexplored area
unexplored area
unexplored area
unexplored area
unexplored area
unexplored area
unexplored area
unexplored area
unexplored area
unexplored area
unexplored area
unexplored area
unexplored area
unexplored area
unexplored area
unexplored area
unexplored area
unexplored area
unexplored area
unexplored area
unexplored area
unexplored area
unexplored area
unexplored area
unexplored area
unexplored area
unexplored area
unexplored area
unexplored area
unexplored area
unexplored area
unexplored area
unexplored area
unexplored area
unexplored area
unexplored area
unexplored area
unexplored area
unexplored area
unexplored area
unexplored area
unexplored area
unexplored area
unexplored area
unexplored area
unexplored area
unexplored area
AAngel of Manannan Mac Lir
unexplored area
unexplored area
unexplored area
.dark part of a room
.dark part of a room
.dark part of a room
wall
unexplored area
unexplored area
unexplored area
unexplored area
unexplored area
unexplored area
unexplored area
unexplored area
unexplored area
unexplored area
unexplored area
unexplored area
unexplored area
unexplored area
unexplored area
unexplored area
unexplored area
unexplored area
unexplored area
unexplored area
unexplored area
unexplored area
unexplored area
unexplored area
unexplored area
unexplored area
unexplored area
unexplored area
unexplored area
unexplored area
unexplored area
unexplored area
unexplored area
unexplored area
unexplored area
unexplored area
unexplored area
unexplored area
unexplored area
unexplored area
unexplored area
unexplored area
unexplored area
unexplored area
unexplored area
unexplored area
unexplored area
unexplored area
unexplored area
unexplored area
unexplored area
unexplored area
unexplored area
unexplored area
unexplored area
unexplored area
unexplored area
unexplored area
unexplored area
unexplored area
unexplored area
unexplored area
unexplored area
unexplored area
unexplored area
unexplored area
unexplored area
wall
wall
wall
wall
wall
wall
wall
wall
wall
.dark part of a room
.dark part of a room
wall
wall
unexplored area
unexplored area
unexplored area
unexplored area
unexplored area
unexplored area
unexplored area
unexplored area
unexplored area
unexplored area
unexplored area
unexplored area
unexplored area
unexplored area
unexplored area
unexplored area
unexplored area
unexplored area
unexplored area
unexplored area
unexplored area
unexplored area
unexplored area
unexplored area
unexplored area
unexplored area
unexplored area
unexplored area
unexplored area
unexplored area
unexplored area
unexplored area
unexplored area
unexplored area
unexplored area
unexplored area
unexplored area
unexplored area
unexplored area
unexplored area
unexplored area
unexplored area
unexplored area
unexplored area
unexplored area
unexplored area
unexplored area
unexplored area
unexplored area
unexplored area
unexplored area
unexplored area
unexplored area
unexplored area
unexplored area
unexplored area
unexplored area
unexplored area
unexplored area
unexplored area
unexplored area
unexplored area
unexplored area
unexplored area
unexplored area
@invisible caveman called Kevin the Wayfarer
wall
.floor of a room
.floor of a room
.floor of a room
.floor of a room
.floor of a room
.floor of a room
.floor of a room
wall
.dark part of a room
.dark part of a room
.dark part of a room
wall
wall
unexplored area
unexplored area
wall
unexplored area
unexplored area
unexplored area
unexplored area
unexplored area
unexplored area
unexplored area
unexplored area
unexplored area
unexplored area
unexplored area
unexplored area
unexplored area
unexplored area
unexplored area
unexplored area
unexplored area
unexplored area
unexplored area
unexplored area
unexplored area
unexplored area
unexplored area
unexplored area
unexplored area
unexplored area
unexplored area
unexplored area
unexplored area
unexplored area
unexplored area
unexplored area
unexplored area
unexplored area
unexplored area
unexplored area
unexplored area
unexplored area
unexplored area
unexplored area
unexplored area
unexplored area
unexplored area
unexplored area
unexplored area
unexplored area
unexplored area
unexplored area
unexplored area
unexplored area
unexplored area
unexplored area
unexplored area
unexplored area
unexplored area
unexplored area
unexplored area
unexplored area
unexplored area
unexplored area
unexplored area
unexplored area
wall
.floor of a room
.floor of a room
akiller bee
@peaceful high priestess of Manannan Mac Lir
.floor of a room
.floor of a room
.floor of a room
wall
.dark part of a room
AAngel of Manannan Mac Lir
.dark part of a room
.dark part of a room
wall
wall
wall
.dark part of a room
.dark part of a room
.dark part of a room
.dark part of a room
[a robe
unexplored area
unexplored area
unexplored area
unexplored area
unexplored area
unexplored area
unexplored area
unexplored area
unexplored area
unexplored area
unexplored area
unexplored area
unexplored area
unexplored area
unexplored area
unexplored area
unexplored area
unexplored area
unexplored area
unexplored area
unexplored area
unexplored area
unexplored area
unexplored area
unexplored area
unexplored area
unexplored area
unexplored area
unexplored area
unexplored area
unexplored area
unexplored area
unexplored area
unexplored area
unexplored area
unexplored area
unexplored area
unexplored area
unexplored area
unexplored area
unexplored area
unexplored area
unexplored area
unexplored area
unexplored area
unexplored area
unexplored area
unexplored area
unexplored area
unexplored area
unexplored area
unexplored area
unexplored area
unexplored area
unexplored area
unexplored area
unexplored area
unexplored area
wall
.floor of a room
.floor of a room
agiant beetle
@human knight called rustyspoon
@priest called Mike the Canon
@invisible priest called Chris the Curate
.floor of a room
-open door
@invisible priest of Manannan Mac Lir
AAngel of Brigit
.floor of a room
@renegade priest of Lugh
AAngel of Moloch
-open door
.dark part of a room
.dark part of a room
.dark part of a room
.dark part of a room
.dark part of a room
.dark part of a room
.dark part of a room
unexplored area
unexplored area
unexplored area
unexplored area
unexplored area
unexplored area
unexplored area
unexplored area
unexplored area
unexplored area
unexplored area
unexplored area
unexplored area
unexplored area
unexplored area
unexplored area
unexplored area
unexplored area
unexplored area
unexplored area
unexplored area
unexplored area
unexplored area
unexplored area
unexplored area
unexplored area
unexplored area
unexplored area
unexplored area
unexplored area
unexplored area
unexplored area
unexplored area
unexplored area
unexplored area
unexplored area
unexplored area
unexplored area
unexplored area
unexplored area
unexplored area
unexplored area
unexplored area
unexplored area
unexplored area
unexplored area
unexplored area
unexplored area
unexplored area
unexplored area
unexplored area
unexplored area
unexplored area
unexplored area
unexplored area
@captain
unexplored area
wall
.floor of a room
.floor of a room
.floor of a room
.floor of a room
%a soldier ant corpse
@priest of Manannan Mac Lir
.floor of a room
wall
Apeaceful Angel of Lugh
.dark part of a room
.dark part of a room
.dark part of a room
wall
wall
wall
.dark part of a room
.dark part of a room
.dark part of a room
.dark part of a room
.dark part of a room
.dark part of a room
.dark part of a room
unexplored area
unexplored area
unexplored area
unexplored area
unexplored area
unexplored area
unexplored area
unexplored area
unexplored area
unexplored area
unexplored area
unexplored area
unexplored area
unexplored area
unexplored area
unexplored area
unexplored area
unexplored area
unexplored area
unexplored area
unexplored area
unexplored area
unexplored area
unexplored area
unexplored area
unexplored area
unexplored area
unexplored area
unexplored area
unexplored area
unexplored area
unexplored area
unexplored area
unexplored area
unexplored area
unexplored area
unexplored area
unexplored area
unexplored area
unexplored area
unexplored area
unexplored area
unexplored area
unexplored area
unexplored area
unexplored area
unexplored area
unexplored area
unexplored area
unexplored area
unexplored area
unexplored area
unexplored area
unexplored area
unexplored area
unexplored area
wall
.floor of a room
.floor of a room
.floor of a room
.floor of a room
.floor of a room
.floor of a room
.floor of a room
wall
.dark part of a room
@priestess of Brigit
.dark part of a room
wall
wall
unexplored area
wall
wall
.dark part of a room
.dark part of a room
.dark part of a room
.dark part of a room
.dark part of a room
.dark part of a room
unexplored area
unexplored area
unexplored area
unexplored area
unexplored area
unexplored area
unexplored area
unexplored area
unexplored area
unexplored area
unexplored area
unexplored area
unexplored area
unexplored area
unexplored area
unexplored area
unexplored area
unexplored area
unexplored area
unexplored area
unexplored area
unexplored area
unexplored area
unexplored area
unexplored area
unexplored area
unexplored area
unexplored area
unexplored area
unexplored area
unexplored area
unexplored area
unexplored area
unexplored area
unexplored area
unexplored area
unexplored area
unexplored area
unexplored area
unexplored area
unexplored area
unexplored area
unexplored area
unexplored area
unexplored area
unexplored area
unexplored area
unexplored area
unexplored area
unexplored area
unexplored area
unexplored area
unexplored area
unexplored area
unexplored area
unexplored area
wall
wall
wall
wall
wall
wall
wall
wall
wall
.dark part of a room
.dark part of a room
wall
wall
unexplored area
unexplored area
unexplored area
wall
wall
wall
wall
%Famine's corpse
wall
wall
unexplored area
unexplored area
unexplored area
unexplored area
unexplored area
unexplored area
unexplored area
unexplored area
unexplored area
unexplored area
unexplored area
unexplored area
unexplored area
unexplored area
unexplored area
unexplored area
unexplored area
unexplored area
unexplored area
unexplored area
unexplored area
unexplored area
unexplored area
unexplored area
unexplored area
unexplored area
unexplored area
unexplored area
unexplored area
unexplored area
unexplored area
unexplored area
unexplored area
unexplored area
unexplored area
unexplored area
unexplored area
unexplored area
unexplored area
unexplored area
unexplored area
unexplored area
unexplored area
unexplored area
unexplored area
unexplored area
unexplored area
unexplored area
unexplored area
unexplored area
unexplored area
unexplored area
unexplored area
unexplored area
unexplored area
unexplored area
unexplored area
unexplored area
unexplored area
unexplored area
unexplored area
unexplored area
unexplored area
.dark part of a room
.dark part of a room
.dark part of a room
.dark part of a room
wall
unexplored area
unexplored area
unexplored area
unexplored area
unexplored area
unexplored area
wall
.dark part of a room
%a human corpse
.dark part of a room
wall
unexplored area
unexplored area
unexplored area
unexplored area
unexplored area
unexplored area
unexplored area
unexplored area
unexplored area
unexplored area
unexplored area
unexplored area
unexplored area
unexplored area
unexplored area
unexplored area
unexplored area
unexplored area
unexplored area
unexplored area
unexplored area
unexplored area
unexplored area
unexplored area
unexplored area
unexplored area
unexplored area
unexplored area
unexplored area
unexplored area
unexplored area
unexplored area
unexplored area
unexplored area
unexplored area
unexplored area
unexplored area
unexplored area
unexplored area
unexplored area
unexplored area
unexplored area
unexplored area
unexplored area
unexplored area
unexplored area
unexplored area
unexplored area
unexplored area
unexplored area
unexplored area
unexplored area
unexplored area
unexplored area
unexplored area
unexplored area
unexplored area
unexplored area
unexplored area
unexplored area
unexplored area
unexplored area
wall
wall
wall
wall
wall
wall
unexplored area
unexplored area
unexplored area
unexplored area
unexplored area
unexplored area
.dark part of a room
.dark part of a room
.dark part of a room
.dark part of a room
.dark part of a room
.dark part of a room
.dark part of a room
.dark part of a room
.dark part of a room
.dark part of a room
unexplored area
unexplored area
unexplored area
unexplored area
unexplored area
unexplored area
unexplored area
unexplored area
unexplored area
unexplored area
unexplored area
unexplored area
unexplored area
unexplored area
unexplored area
unexplored area
unexplored area
unexplored area
unexplored area
unexplored area
unexplored area
unexplored area
unexplored area
unexplored area
unexplored area
unexplored area
unexplored area
unexplored area
unexplored area
unexplored area
unexplored area
unexplored area
unexplored area
unexplored area
unexplored area
unexplored area
unexplored area
unexplored area
unexplored area
unexplored area
unexplored area
unexplored area
unexplored area
unexplored area
unexplored area
unexplored area
unexplored area
unexplored area
unexplored area
unexplored area
unexplored area
unexplored area
unexplored area
unexplored area
unexplored area
unexplored area
unexplored area
unexplored area
unexplored area
unexplored area
unexplored area
unexplored area
unexplored area
unexplored area
unexplored area
unexplored area
unexplored area
unexplored area
unexplored area
.dark part of a room
.dark part of a room
)a hilted polearm
.dark part of a room
.dark part of a room
.dark part of a room
.dark part of a room
.dark part of a room
.dark part of a room
.dark part of a room
unexplored area
unexplored area
unexplored area
unexplored area
unexplored area
unexplored area
unexplored area
unexplored area
unexplored area
unexplored area
unexplored area
unexplored area
unexplored area
unexplored area
unexplored area
unexplored area
unexplored area
unexplored area
unexplored area
unexplored area
unexplored area
unexplored area
unexplored area
unexplored area
unexplored area
unexplored area
unexplored area
unexplored area
unexplored area
unexplored area
unexplored area
unexplored area
unexplored area
unexplored area
unexplored area
unexplored area
unexplored area
unexplored area
unexplored area
unexplored area
unexplored area
unexplored area
unexplored area
unexplored area
unexplored area
unexplored area
unexplored area
unexplored area
unexplored area
unexplored area
unexplored area
unexplored area
unexplored area
unexplored area
unexplored area
unexplored area
unexplored area
unexplored area
unexplored area
unexplored area
unexplored area
unexplored area
unexplored area
unexplored area
unexplored area
unexplored area
unexplored area
unexplored area
unexplored area
.dark part of a room
.dark part of a room
)a mace
.dark part of a room
.dark part of a room
)a mace
[a banded mail
.dark part of a room
.dark part of a room
.dark part of a room
unexplored area
unexplored area
unexplored area
unexplored area
unexplored area
unexplored area
unexplored area
unexplored area
unexplored area
unexplored area
unexplored area
unexplored area
unexplored area
unexplored area
unexplored area
unexplored area
unexplored area
unexplored area
unexplored area
unexplored area
unexplored area
unexplored area
unexplored area
unexplored area
unexplored area
unexplored area
unexplored area
unexplored area
unexplored area
unexplored area
unexplored area
unexplored area
unexplored area
unexplored area
unexplored area
unexplored area
unexplored area
unexplored area
unexplored area
unexplored area
unexplored area
unexplored area
unexplored area
unexplored area
unexplored area
unexplored area
unexplored area
unexplored area
unexplored area
unexplored area
unexplored area
unexplored area
unexplored area
unexplored area
unexplored area
unexplored area
unexplored area
unexplored area
unexplored area
unexplored area
unexplored area
unexplored area
unexplored area
unexplored area
unexplored area
unexplored area
unexplored area
unexplored area
unexplored area
unexplored area
.dark part of a room
.dark part of a room
.dark part of a room
.dark part of a room
.dark part of a room
.dark part of a room
.dark part of a room
.dark part of a room
.dark part of a room
unexplored area
unexplored area
unexplored area
unexplored area
unexplored area
unexplored area
unexplored area
unexplored area
unexplored area
unexplored area
unexplored area
unexplored area
unexplored area
unexplored area
unexplored area
unexplored area
unexplored area
unexplored area
unexplored area
unexplored area
unexplored area
unexplored area
unexplored area
unexplored area
unexplored area
unexplored area
unexplored area
unexplored area
unexplored area
unexplored area
unexplored area
unexplored area
unexplored area
unexplored area
unexplored area
unexplored area
unexplored area
unexplored area
unexplored area
unexplored area
unexplored area
unexplored area
unexplored area
unexplored area
unexplored area
unexplored area
unexplored area
unexplored area
unexplored area
unexplored area
unexplored area
unexplored area
unexplored area
unexplored area
unexplored area
unexplored area
unexplored area
unexplored area
unexplored area
unexplored area
unexplored area
unexplored area
unexplored area
unexplored area
unexplored area
unexplored area
unexplored area
unexplored area
unexplored area
unexplored area
unexplored area
.dark part of a room
.dark part of a room
.dark part of a room
.dark part of a room
.dark part of a room
.dark part of a room
.dark part of a room
unexplored area
unexplored area
unexplored area
unexplored area
unexplored area
unexplored area
unexplored area
unexplored area
unexplored area
unexplored area
unexplored area
unexplored area
unexplored area
unexplored area
unexplored area
unexplored area
unexplored area
unexplored area
unexplored area
unexplored area
unexplored area
unexplored area
unexplored area
unexplored area
unexplored area
unexplored area
unexplored area
unexplored area
unexplored area
unexplored area
unexplored area
unexplored area
unexplored area
unexplored area
unexplored area
unexplored area
unexplored area
unexplored area
unexplored area
unexplored area
unexplored area
unexplored area
unexplored area
unexplored area
unexplored area
unexplored area
unexplored area
unexplored area
unexplored area
unexplored area
unexplored area
unexplored area
unexplored area
unexplored area
unexplored area
unexplored area
unexplored area
unexplored area
unexplored area
unexplored area
unexplored area
unexplored area
unexplored area
unexplored area
unexplored area
unexplored area
unexplored area
unexplored area
unexplored area
unexplored area
unexplored area
unexplored area
unexplored area
unexplored area
unexplored area
wall
wall
wall
unexplored area
unexplored area
unexplored area
unexplored area
unexplored area
unexplored area
unexplored area
unexplored area
unexplored area
unexplored area
unexplored area
unexplored area
unexplored area
unexplored area
unexplored area
unexplored area
unexplored area
unexplored area
unexplored area
unexplored area
unexplored area
unexplored area
unexplored area
unexplored area
unexplored area
unexplored area
unexplored area
unexplored area
unexplored area
unexplored area
unexplored area
unexplored area
unexplored area
unexplored area
unexplored area
unexplored area
unexplored area
unexplored area
unexplored area
unexplored area
unexplored area
unexplored area
unexplored area
unexplored area
unexplored area
unexplored area
unexplored area
unexplored area
[Rustyspoon the Knight ] St:25 Dx:18 Co:18 In:17 Wi:18 Ch:18 Chaotic Astral Plane $:0 HP:379(424) Pw:66(107) AC:-27 Xp:15 T:46087 Satiated

Latest messages:

The renegade Angel of Lugh misses the Angel of Manannan Mac Lir.
The renegade Angel of Lugh swings his long sword at the Angel of Manannan Mac Lir.
The renegade Angel of Lugh hits the Angel of Manannan Mac Lir.
The renegade Angel of Lugh hits the Angel of Manannan Mac Lir.
The Angel of Manannan Mac Lir zaps you with a magic missile!
The magic missile misses the Angel of Brigit.
The magic missile hits Chris the invisible Curate.
The magic missile misses Mike the Canon.
What do you want to wear? [FN or ?*]
The killer bee misses the giant beetle.
The killer bee stings!
Mike the Canon swings his mace.
Mike the Canon hits!
Chris the invisible Curate hurls a potion called acid!
The potion called acid misses Mike the Canon.
The phial crashes on your head and breaks into shards.
The potion called acid evaporates.
This burns a little!
The Angel of Brigit swings her long sword at the blue dragon.
The Angel of Brigit hits the blue dragon.
The Angel of Brigit swings her long sword at the blue dragon.
The Angel of Brigit hits the blue dragon.
The Angel of Brigit hits the blue dragon.
The invisible priest of Manannan Mac Lir swings his mace at the blue dragon.
The invisible priest of Manannan Mac Lir hits the blue dragon.
The Angel of Moloch drinks a potion of healing!
The Angel of Moloch looks better.
The high priestess of Manannan Mac Lir swings her mace.
The high priestess of Manannan Mac Lir hits!
The high priestess of Manannan Mac Lir kicks!
The high priestess of Manannan Mac Lir casts a spell at you!
A bolt of lightning strikes down at you from above!
It bounces off your medallion.
The high priestess of Manannan Mac Lir points all around, then curses.
You finish your dressing maneuver.
Your mind oscillates briefly.
You are blasted by the Magic Mirror of Merlin's power!
The crested helmet glows black for a moment.
There is a high altar to Manannan Mac Lir (chaotic) here.
There is a high altar to Manannan Mac Lir (chaotic) here.
There is a high altar to Manannan Mac Lir (chaotic) here.
There is a high altar to Manannan Mac Lir (chaotic) here.
There is a high altar to Manannan Mac Lir (chaotic) here.
What do you want to sacrifice? [V or ?*]
You offer the Amulet of Yendor to Manannan Mac Lir...
An invisible choir sings, and you are bathed in radiance...
The voice of Manannan Mac Lir thunders: "Mortal, thou hast done well!"
"In return for thy service, I grant thee the gift of Immortality!"
You ascend to the status of Demigoddess...
Do you want your possessions identified? [ynq] (y)

Inventory:

Amulets

m - a blessed greased amulet of reflection (being worn)

Weapons

a - the blessed +6 Grayswandir (wielded in right hand)
w - a blessed +6 silver saber (wielded in left hand)

Armor

A - a blessed greased fireproof +5 T-shirt with text "Ms. Palm's House of Negotiable Affection--A Very Reputable House Of Disrepute" (being worn)
B - a blessed greased +5 gray dragon scale mail (being worn)
C - a blessed fireproof +5 robe (being worn)
D - an uncursed greased fireproof +4 pair of speed boots (being worn)
E - a blessed rustproof +4 pair of gauntlets of power (being worn)
F - an uncursed rustproof +5 dwarvish iron helm
N - a cursed greased rustproof +0 helm of opposite alignment (being worn)

Comestibles

L - an uncursed lizard corpse named KFC

Spellbooks

I - the blessed Book of the Dead

Rings

g - a blessed ring of free action (on right hand)
G - a blessed ring of conflict (on left hand)

Wands

q - an uncursed wand of cold (0:0)
z - an uncursed wand of digging (0:5)
J - an uncursed wand of death (0:7)
M - an uncursed wand of death (0:0)
O - an uncursed wand of wishing (1:1)
R - an uncursed wand of teleportation (0:6)
T - an uncursed wand of teleportation (0:7)
U - an uncursed wand of teleportation (0:6)
Z - an uncursed wand of teleportation (0:7)

Tools

b - a blessed bag of holding containing 84 items
e - a blessed stethoscope
i - the blessed Magic Mirror of Merlin (at the ready)
j - the uncursed Bell of Opening (0:1)
k - an uncursed skeleton key
s - an uncursed sack named cancellation containing 4 items
t - a blessed blindfold
u - a blessed +0 unicorn horn named LhR;
v - an uncursed partly used wax candle (lit)
K - the uncursed Candelabrum of Invocation (6 of 7 candles attached)

Gems/Stones

x - a blessed luckstone

Contents of the bag of holding:

an uncursed amulet of life saving
an uncursed +0 bullwhip
the blessed rustproof +1 Excalibur
an uncursed +0 pair of levitation boots
an uncursed +0 pair of water walking boots
an uncursed +0 mummy wrapping
9 uncursed food rations
an uncursed lizard corpse named MCD
an uncursed scroll of light
2 blessed scrolls of scare monster
a blessed scroll of scare monster
6 blessed scrolls of blank paper
35 uncursed scrolls of blank paper
a cursed scroll of blank paper
2 blessed scrolls of charging
a cursed scroll of create monster
an uncursed scroll of enchant armor
2 uncursed scrolls of fire
an uncursed scroll of food detection
an uncursed scroll of gold detection
a blessed scroll of punishment
an uncursed scroll of punishment
a blessed scroll of remove curse
6 uncursed scrolls of remove curse
a blessed scroll of taming
2 uncursed scrolls of taming
21 potions of holy water
4 blessed diluted potions of full healing
an uncursed potion of full healing
a blessed potion of gain energy
a cursed potion of healing
6 uncursed potions of paralysis
a blessed potion of restore ability
an uncursed potion of restore ability
an uncursed potion of sleeping
an uncursed ring of free action
an uncursed ring of free action
an uncursed ring of free action
a blessed +3 ring of increase damage
a blessed ring of levitation
an uncursed ring of regeneration
an uncursed ring of regeneration
a blessed ring of teleport control
an uncursed wand of slow monster (0:6)
an uncursed wand of slow monster (0:3)
an uncursed wand of cold (0:2)
an uncursed wand of cold (0:5)
an uncursed wand of digging (0:3)
an uncursed wand of digging (0:6)
an uncursed wand of digging (0:8)
an uncursed wand of digging (0:7)
an uncursed wand of digging (0:8)
an uncursed wand of digging (0:8)
an uncursed wand of digging (0:5)
an uncursed wand of digging (0:0)
an uncursed wand of digging (0:5)
an uncursed wand of digging (0:4)
an uncursed wand of digging (0:5)
an uncursed wand of fire (0:5)
an uncursed wand of fire (0:0)
an uncursed wand of fire (0:3)
an uncursed wand of lightning (0:4)
an uncursed wand of lightning (0:6)
an uncursed wand of lightning (0:5)
an uncursed wand of lightning (0:3)
an uncursed wand of polymorph (0:8)
an uncursed wand of secret door detection (0:11)
an uncursed wand of secret door detection (0:12)
an uncursed wand of sleep (0:6)
an uncursed wand of sleep (0:5)
an uncursed wand of sleep (0:4)
an uncursed wand of sleep (0:6)
an uncursed wand of sleep (0:6)
an uncursed wand of striking (0:0)
an uncursed wand of striking (0:8)
an uncursed bugle
an uncursed leash
a blessed magic marker (0:61)
an uncursed magic whistle
an uncursed +0 pick-axe
an uncursed stethoscope
an uncursed wax candle
3 uncursed amethyst stones
a blessed luckstone

Contents of the sack named cancellation:

an uncursed wand of cancellation (0:5)
an uncursed wand of cancellation (0:3)
an uncursed wand of cancellation (0:7)
an uncursed wand of cancellation (0:8)

Rustyspoon the Knight's attributes:


Background:

You were a Knight, level 15 female human.
You were chaotic, temporarily on a mission for Manannan Mac Lir
who was opposed by Lugh (lawful) and Brigit (neutral).
You were actually lawful.
You were in the endgame, on the Astral Plane.
You entered the dungeon 46087 turns ago.
You had 185821 experience points, 134179 more were needed to attain level 16.

Basics:

You had 379 out of 424 hit points.
You had 66 out of 107 energy points (spell power).
Your armor class was -27.
Your wallet was empty.
Autopickup was off.

Final Characteristics:

Your strength was 25 (base:18/38, innate limit:18/100).
Your dexterity was 18 (limit:18).
Your constitution was 18 (limit:18).
Your intelligence was 17 (limit:18).
Your wisdom was 18 (limit:18).
Your charisma was 18 (limit:18).

Final Status:

You were satiated.
You were unencumbered.
You were wielding two weapons at once.
You were skilled in saber and two weapons.

Final Attributes:

You were the Hand of Elbereth.
You were fervently aligned.
You were magic-protected.
You were fire resistant.
You were cold resistant.
You were sleep resistant.
You were disintegration-resistant.
You were shock resistant.
You were poison resistant.
You resisted hallucinations.
You saw invisible.
You were telepathic.
You aggravated monsters.
You caused conflict.
You could jump.
You were guarded.
You were very fast.
You had reflection.
You had free action.
You were extremely lucky.
You had extra luck.
Good luck did not time out for you.
You survived.

Miscellaneous:
You encountered 1 bones level.
Total elapsed playing time was 5 hours, 45 minutes and 51 seconds.

Major events:

Turn

1: rustyspoon the lawful female human Knight entered the dungeon
522: entered the Gnomish Mines
1064: attained the rank of Esquire (level 3)
2525: attained the rank of Bachelor (level 6)
2584: destroyed Kevkat's ghost, the former Lookout
4180: reached Mine Town
4805: endured an absurd aquatic ceremony, and now wields Excalibur
9322: entered Sokoban
9736: completed 1st Sokoban level
10770: completed 2nd Sokoban level
11106: completed 3rd Sokoban level
11517: attained the rank of Sergeant (level 10)
12051: completed 4th Sokoban level
14749: entered the Bigroom
25254: was bestowed with Grayswandir by Lugh
29062: made her first wish - "blessed greased fixed +2 gray dragon scale mail", got "a greased gray dragon scale mail"
29423: wished for "blessed greased fixed amulet of reflection", got "a greased square amulet"
29581: acquired the Mines' End luckstone
30339: wished for "blessed greased fixed +2 pair of speed boots", got "a greased pair of combat boots"
33986: performed her first genocide (class L)
33987: genocided class h
35149: entered Gehennom
35527: attained the rank of Knight (level 14)
36319: killed Medusa
37959: was crowned "The Hand of Elbereth" by Lugh
38899: killed the invisible Ixoth
38900: found the Magic Mirror of Merlin on the floor
38900: acquired the Bell of Opening
39329: wished for "blessed fixed ring of free action", got "an agate ring"
39337: wished for "blessed greased fixed +2 t-shirt", got "a greased T-shirt"
39354: wished for "blessed magic marker", got "a magic marker"
40348: bribed Asmodeus with 20 zorkmids for safe passage
40780: killed Juiblex
41368: bribed Baalzebub with 10 zorkmids for safe passage
41700: killed Orcus
42118: genocided class R
42597: destroyed Vlad the Impaler
42599: acquired the Candelabrum of Invocation
43534: wished for "blessed magic marker", got "a magic marker"
44207: killed the Wizard of Yendor
44214: acquired the Book of the Dead
44270: performed the invocation
44392: killed the high priestess of Moloch
44401: acquired The Amulet of Yendor
44578: killed the Wizard of Yendor (2nd time)
45828: entered the Elemental Planes
45828: entered Plane of Earth
45829: killed the Wizard of Yendor (3rd time)
45858: entered Plane of Air
45921: entered Plane of Fire
45979: entered Plane of Water
45983: genocided class ;
46052: entered the Astral Plane
46063: killed Famine
46075: found Fire Brand carried by a monster
46083: wished for "blessed greased fixed +2 helm of opposite alignment", got "a greased crested helmet"
46087: ascended

Vanquished creatures:

Orcus
Juiblex
the Wizard of Yendor (thrice)
Famine
Vlad the Impaler
a high cleric
a mastodon
Medusa
11 krakens
2 iron golems
3 storm giants
5 glass golems
2 balrogs
6 purple worms
a gold dragon
a silver dragon
3 red dragons
3 white dragons
2 orange dragons
2 black dragons
3 blue dragons
a yellow dragon
11 minotaurs
a jabberwock
Ixoth
4 baluchitheria
an Angel
a demilich
5 stone golems
4 Olog-hai
2 Nazgul
3 pit fiends
a sandestin
2 hell hounds
4 titanotheres
a baby gray dragon
a baby yellow dragon
2 guardian nagas
a genetic engineer
3 disenchanters
34 vampire leaders
4 skeletons
a shopkeeper
5 aligned clerics
8 captains
6 shades
a clay golem
5 nurses
an ice devil
9 nalfeshnees
a lurker above
an Aleax
a frost giant
2 ettins
2 black puddings
27 vampires
7 lieutenants
37 ghosts
3 queen bees
6 winged gargoyles
9 giant mimics
8 long worms
6 zruties
3 fire giants
10 ogre tyrants
2 ice trolls
12 rock trolls
8 umber hulks
a flesh golem
5 elven monarchs
2 doppelgangers
2 hezrous
10 bone devils
10 large mimics
2 wumpuses
8 fire vortices
12 stalkers
8 air elementals
6 fire elementals
3 earth elementals
9 water elementals
5 hill giants
6 giant mummies
6 xorns
22 giant zombies
18 elf-nobles
21 sergeants
a water demon
3 barbed devils
10 vrocks
5 salamanders
5 wargs
2 winter wolves
8 hell hound pups
12 small mimics
a glass piercer
4 warhorses
6 steam vortices
6 xans
4 ettin mummies
4 ogre leaders
15 quantum mechanics
12 trolls
2 wood golems
2 erinyes
5 mariliths
8 sharks
8 electric eels
10 gelatinous cubes
4 pyrolisks
3 large dogs
3 freezing spheres
6 flaming spheres
9 shocking spheres
3 large cats
4 tigers
9 gargoyles
4 dwarf rulers
3 tengu
26 ochre jellies
14 leocrottas
5 energy vortices
3 mountain centaurs
a stone giant
3 elf mummies
3 human mummies
7 red nagas
a green slime
2 pythons
2 pit vipers
8 cobras
39 wraiths
a carnivorous ape
20 ettin zombies
2 leather golems
14 Grey-elves
50 soldiers
a watchman
8 amorous demons
4 horned devils
24 chameleons
3 crocodiles
11 giant beetles
6 quivering blobs
20 cockatrices
12 wolves
3 winter wolf cubs
5 lynxes
5 panthers
9 gremlins
24 leprechauns
3 orc-captains
3 iron piercers
4 mumakil
10 giant spiders
9 scorpions
9 horses
2 ice vortices
5 black lights
11 vampire bats
5 forest centaurs
4 gnome rulers
7 orc mummies
a dwarf mummy
an ogre
4 brown puddings
7 rust monsters
14 owlbears
13 yetis
5 gold golems
2 werewolves
12 Green-elves
5 piranha
17 giant eels
14 lizards
a chickatrice
3 dingoes
2 dogs
4 housecats
4 jaguars
5 dwarf leaders
3 blue jellies
4 black unicorns
8 dust vortices
8 ravens
3 plains centaurs
5 gnome mummies
8 snakes
15 apes
22 human zombies
3 rope golems
17 Woodland-elves
14 soldier ants
8 fire ants
6 bugbears
2 imps
4 lemures
70 quasits
7 wood nymphs
10 water nymphs
5 mountain nymphs
22 Mordor orcs
10 Uruk-hai
3 orc shamans
4 rock piercers
6 rock moles
9 ponies
2 fog clouds
15 yellow lights
a shrieker
10 violet fungi
18 gnome leaders
7 gnomish wizards
5 kobold mummies
6 gray oozes
a barrow wight
18 elf zombies
22 ghouls
a straw golem
a paper golem
5 jellyfish
12 giant ants
6 little dogs
19 floating eyes
3 kittens
17 dwarves
12 homunculi
6 kobold leaders
2 kobold shamans
38 hill orcs
7 rothes
3 rabid rats
3 centipedes
9 giant bats
7 monkeys
19 orc zombies
19 dwarf zombies
3 wererats
3 werejackals
15 iguanas
58 killer bees
7 acid blobs
6 coyotes
3 gas spores
9 hobbits
24 manes
a large kobold
9 hobgoblins
14 giant rats
7 cave spiders
a brown mold
6 yellow molds
2 green molds
2 red molds
68 gnomes
a garter snake
18 gnome zombies
16 geckos
16 jackals
a kobold
8 goblins
2 sewer rats
16 grid bugs
15 bats
14 lichens
17 kobold zombies
13 newts
2126 creatures vanquished.

Genocided or extinct species:

hobbits
dwarves
bugbears
dwarf leaders
dwarf rulers
mind flayers
master mind flayers
liches
demiliches
master liches
arch-liches
rust monsters
disenchanters
erinyes (extinct)
jellyfish
piranha
sharks
giant eels
electric eels
krakens
19 species genocided.
1 species extinct.

Voluntary challenges:

You read items or engraved 120 times.
You never engraved Elbereth.
You genocided 19 types of monsters.
You used 8 wishes.
You did not wish for any artifacts.
You violated the special Sokoban rules once.

Achievements:

You entered the Gnomish Mines.
You entered a shop.
You attained the rank of Esquire.
You attained the rank of Bachelor.
You entered Minetown.
You entered a temple.
You entered Sokoban.
You attained the rank of Sergeant.
You entered the Big Room.
You completed the Gnomish Mines.
You learned the tune to open and close the Castle's drawbridge.
You entered Gehennom.
You attained the rank of Knight.
You defeated Medusa.
You had the Bell of Opening.
You had the Candelabrum of Invocation.
You had the Book of the Dead.
You gained access to Moloch's Sanctum.
You reached the Elemental Planes.
You reached the Astral Plane.
You delivered the Amulet of Yendor.
You ascended!

The Elemental Planes:

   Astral Plane: <- You are here.
A temple to Manannan Mac Lir.
Plane of Water:
Plane of Fire:
Plane of Air:
Plane of Earth:

The Dungeons of Doom: levels 1 to 29

   Level 1:
A sink.
One way stairs up to The Elemental Planes.
Level 2:
A general store.
Stairs down to The Gnomish Mines.
Level 3: "Backup Holding in store"
A general store.
Level 4:
Level 5: "?! in store"
A general store, a sink.
Level 6:
Level 7:
Many fountains.
Oracle of Delphi.
Level 8: "coaligned uni"
An untended shop, a grave.
Stairs up to Sokoban, level 7.
Level 9:
Level 10:
A temple.
Level 11:
A very big room.
Level 12:
Level 13:
A fountain, a sink.
Portal to The Quest.
Level 14:
A temple.
Level 15:
Level 16:
A sink.
Level 17:
A primitive area.
Level 18:
A sink.
Level 19:
Level 20:
Many fountains, a sink.
Level 21:
Many graves.
Level 22:
Level 23:
A fountain, a grave.
Level 24:
A temple to Manannan Mac Lir.
Level 25: "mithril"
A temple, some fountains.
Level 26:
Level 27:
A fountain.
Level 28:
Level 29:
A fountain.
The castle.
Connection to Gehennom.

Gehennom: levels 30 to 50

   Level 30:
A temple, many graves.
Valley of the Dead.
Level 31:
Level 32:
Level 33:
Level 34:
Level 35:
A fountain.
Level 36: "crap amulets <"
Level 37:
Level 38:
Level 39:
Level 40:
Some shops, an altar.
Level 41:
Stairs up to Vlad's Tower, level 40.
Level 42:
Level 43:
Level 44:
Level 45:
Level 46:
Level 47:
Level 48:
Level 49:
Level 50:
A temple, many graves.
Moloch's Sanctum.

The Gnomish Mines: levels 3 to 11

   Level 3:
Level 4: "bonefile"
A grave.
Final resting place for
Kevkat-Ran-Elf-Mal-Cha, killed by a dwarf.
Level 5:
Level 6:
Many shops, a temple, some fountains.
Level 7:
Level 8:
Level 9:
Level 10:
Level 11:

The Quest: levels 1 to 6

   Level 1: "stash >"
A throne.
Completed quest for King Arthur.
Level 2:
Level 3:
A temple.
Level 4:
Level 5:
Level 6:

Sokoban: levels 7 up to 4

   Level 4: "holding"
Solved.
Level 5: "backup mithril"
Solved.
Level 6:
Solved.
Level 7: "pets next level"
Solved.

Vlad's Tower: levels 40 up to 38

   Level 38:
Level 39:
Level 40:

Fare thee well rustyspoon the Demigoddess...


You went to your reward with 1075900 points,
Grayswandir (worth 8000 zorkmids and 20000 points)
Excalibur (worth 4000 zorkmids and 10000 points)
The Magic Mirror of Merlin (worth 1500 zorkmids and 3750 points)
The Bell of Opening (worth 5000 zorkmids and 12500 points)
The Book of the Dead (worth 10000 zorkmids and 25000 points)
The Candelabrum of Invocation (worth 5000 zorkmids and 12500 points)
and 0 pieces of gold, after 46087 moves.
You were level 15 with a maximum of 424 hit points when you ascended.